Match 41059850
Unlisted

Match 41059850
End
Construct Weapon Support Center
Selects Armored Battlegroup
Selects Armored Battlegroup
Selects Assault Engineers
Assault Engineer Squad
M1919 Machine Gun Team
M1919 Machine Gun Team
Assault Engineer Squad
Construct Medical Station
Mechanized Support Center
Selects M31 Recovery Vehicle
Bazooka Squad
.30 cal Machine Gun
Improved M9 Bazooka Rockets
Assault Engineer Squad
M3 Armored Personnel Carrier
Bazooka Squad
Selects War Machine
Construct Tank Depot
Improvised Armor
Salvage Crew
Selects Strength in Steel
M4A1 Sherman Medium Tank
Assault Engineer Squad
M4A1 76mm Conversion
Assault Engineer Squad
Selects Seek and Destroy
diritar
爱玩原农锤的素食女权主义跨性别黑人男同
g0ldL1ght
EL-Z3AMA 5:40
カルト_くん
Hicardo
Brucaccio
BUTAK
0
0

Comments sign in to comment!

No comments posted yet!